 Dungeon Crawl Stone Soup version 0.23.2-30-g0e89c35649 (webtiles) character file.

Game seed: 11243488270048995447

171 doot the Gusty (level 5, -1/28 HPs)
             Began as a Tengu Air Elementalist on June 21, 2019.
             Was an Initiate of Sif Muna.
             Slain by an orc
             ... wielding a +0 hand axe
              (4 damage)
             ... on level 4 of the Dungeon.
             The game lasted 00:08:07 (2764 turns).

doot the Gusty (Tengu Air Elementalist)             Turns: 2764, Time: 00:08:09

Health: -1/28      AC:  2    Str:  6 (8)  XL:     5   Next: 51%
Magic:  3/10       EV: 15    Int: 14 (16) God:    Sif Muna [......]
Gold:   157        SH:  0    Dex: 15      Spells: 0/10 levels left

rFire    . . .     SeeInvis .   g - +3 short sword
rCold    . . .     Gourm    .   (no shield)
rNeg     . . .     Faith    .   a - +0 robe
rPois    .         Spirit   .   (helmet restricted)
rElec    .         Reflect  .   (no cloak)
rCorr    .         Harm     .   (no gloves)
MR       .....                  (boots unavailable)
Stlth    ++........             b - amulet of rage
HPRegen  0.09/turn              (no ring)
MPRegen  0.12/turn              (no ring)

@: flying quickly and evasively, quick
A: beak, talons 3, able to fly
a: Stop Flying, Renounce Religion, Evoke Berserk Rage


You were on level 4 of the Dungeon.
You worshipped Sif Muna.
Sif Muna was noncommittal.
You were not hungry.

You visited 1 branch of the dungeon, and saw 4 of its levels.

You collected 157 gold pieces.

Inventory:

Hand Weapons
 g - a +3 short sword (weapon)
Missiles
 e - 4 javelins (quivered)
Armour
 a - a +0 robe (worn)
 d - a cursed +0 robe
Jewellery
 b - an amulet of rage (around neck)
Scrolls
 h - 4 scrolls of remove curse
 i - 3 scrolls of immolation {unknown}
 j - a scroll of enchant armour {unknown}
 k - 3 scrolls of teleportation
 l - a scroll of fog {unknown}
 m - 3 scrolls of identify {unknown}
 q - a scroll of magic mapping {unknown}
 r - a scroll of enchant weapon {unknown}
Potions
 n - a potion of heal wounds {unknown}
 o - a potion of haste {unknown}
 p - a potion of invisibility {unknown}
Comestibles
 c - 4 rations
 f - 3 chunks of flesh


   Skills:
 + Level 0.4 Fighting
 + Level 2.5 Dodging
 + Level 2.2 Stealth
 + Level 3.2 Spellcasting
 + Level 2.7 Conjurations
 + Level 5.9 Air Magic
 + Level 0.1 Evocations


You couldn't memorise any spells.
You knew the following spells:

 Your Spells              Type           Power        Failure   Level  Hunger
a - Shock                 Conj/Air       ##..         3%          1    #......
b - Swiftness             Chrm/Air       ##......     10%         2    ##.....
c - Static Discharge      Conj/Air       ##......     11%         3    ###....
d - Airstrike             Air            ###.......   19%         4    #####..

Your spell library contained the following spells:

 Spells                   Type           Power        Failure   Level  Hunger
 Lightning Bolt           Conj/Air       ##........   67%         5    ######.


Dungeon Overview and Level Annotations

Branches:
Dungeon (4/15)
 Temple: D:4-7

Altars:
Sif Muna
Wu Jian
Yredelemnul

Annotations:
D:3 Grinder


Innate Abilities, Weirdness & Mutations

You have a beak for a mouth.
You have claws for feet.
You can fly continuously.


Message History

Press: ? - help, Shift-Dir - straight line, f/p - bullfrog skeleton
Aim: a bullfrog skeleton (lightly damaged)
The zap hits the bullfrog skeleton.
The bullfrog skeleton is moderately damaged.
The zap hits the orc.
The orc is heavily wounded.
The bullfrog skeleton barely misses you.
Casting: Shock (safe; 3% risk of failure)
Confirm with . or Enter, or press ? or * to list all spells.
Aiming: Shock (safe; 3% risk of failure)
Press: ? - help, Shift-Dir - straight line, f/p - bullfrog skeleton
Aim: a bullfrog skeleton (moderately damaged)
The zap hits the bullfrog skeleton.
The bullfrog skeleton is heavily damaged.
The bullfrog skeleton hits you.
* * * LOW HITPOINT WARNING * * *
The bullfrog skeleton hits you.
* * * LOW HITPOINT WARNING * * *
The orc hits you with a +0 hand axe.
You die...

.........###.....>..#
........###.........#
...#...{##...........
#. #.....#...........
#..#..............
#####.........
####.##.....
###...........
#@Z...........
##o$.#.#......
#####.####... ### .#
#


You could see an orc and a bullfrog skeleton.

Vanquished Creatures
  Jessica (D:2)
  Terence (D:1)
  Natasha (twice) (D:2 D:1)
  A gnoll (D:1)
  An ooze (D:1)
  A worm (D:2)
  A dart slug (D:1)
  2 leopard geckos (D:2)
  3 orcs
  3 giant cockroaches
  A goblin (D:1)
  6 hobgoblins
  5 jackals
  6 kobolds
  6 bats
  3 frilled lizards
  3 rats
46 creatures vanquished.

Notes
Turn   | Place    | Note
-------+----------+-------------------------------------------
     0 | D:1      | doot the Tengu Air Elementalist began the quest for the
                  | Orb.
     0 | D:1      | Reached XP level 1. HP: 10/10 MP: 4/4
    93 | D:1      | Reached XP level 2. HP: 15/15 MP: 0/6
    99 | D:1      | Learned a level 2 spell: Swiftness
   595 | D:1      | Reached XP level 3. HP: 19/19 MP: 3/7
   866 | D:1      | Learned a level 3 spell: Static Discharge
  1186 | D:2      | Noticed Natasha
  1190 | D:2      | Killed Natasha
  1190 | D:2      | Reached skill level 5 in Air Magic
  1230 | D:1      | Reached XP level 4. HP: 21/24 MP: 2/8
  1365 | D:2      | Noticed Natasha
  1394 | D:1      | Killed Natasha
  1583 | D:2      | Noticed Terence
  1767 | D:2      | Noticed Jessica
  1838 | D:2      | Found a deep blue altar of Sif Muna.
  1847 | D:2      | Became a worshipper of Sif Muna the Loreminder
  2099 | D:2      | Killed Jessica
  2099 | D:2      | Gained mutation: You can fly continuously. [Tengu growth]
  2099 | D:2      | Reached XP level 5. HP: 22/28 MP: 5/10
  2164 | D:2      | Learned a level 4 spell: Airstrike
  2336 | D:2      | Found an ornate altar of the Wu Jian Council.
  2446 | D:2      | Found a basalt altar of Yredelemnul.
  2545 | D:1      | Killed Terence
  2594 | D:3      | Noticed Grinder
  2764 | D:4      | Slain by an orc

Skill      XL: |  1  2  3  4 |
---------------+-------------+-----
Air Magic      | 5 |  5.9
Conjurations   | 2 |  2.7
Spellcasting   | 3 |  3.2
Fighting       | |  0.4
Dodging        | |  2.5
Stealth        | |  2.2
Evocations     | |  0.1

Action                   |  1- 3 |  4- 6 || total
-------------------------+-------+-------++-------
 Cast: Shock             |    42 |    73 ||   115
       Static Discharge  |     1 |     4 ||     5
       Swiftness         |       |     1 ||     1
       Airstrike         |       |     2 ||     2
 Abil: Fly               |       |     1 ||     1
       Evoke Berserk Rag |       |     1 ||     1
  Use: Potion            |       |     1 ||     1
       Scroll            |       |     2 ||     2
  Eat: Chunk             |     1 |     4 ||     5
       Ration            |       |     1 ||     1
Armor: Robe              |     3 |     2 ||     5
Dodge: Dodged            |    10 |    24 ||    34
